 Dungeon Crawl Stone Soup version 0.23.0-3-gf3c87f2 (webtiles) character file.

Game seed: 768192001534618599

1737 Irenicus the Geomancer (level 8, -6/62 HPs)
             Began as a Deep Dwarf Earth Elementalist on Feb 24, 2019.
             Was a Follower of Makhleb.
             Mangled by an orc warrior
             ... wielding a +0 glaive
              (25 damage)
             ... on level 6 of the Dungeon.
             The game lasted 00:27:37 (2853 turns).

Irenicus the Geomancer (DDEE)                       Turns: 2853, Time: 00:27:38

Health: -6/62      AC:  6    Str: 13    XL:     8   Next: 76%
Magic:  5/11       EV: 11    Int: 17    God:    Makhleb [*.....]
Gold:   286        SH:  0    Dex: 13    Spells: 1/11 levels left

rFire    . . .     SeeInvis .   t - +1 dagger (chaos)
rCold    . . .     Gourm    .   (no shield)
rNeg     . . .     Faith    .   j - +0 leather armour
rPois    .         Spirit   .   (no helmet)
rElec    .         Reflect  .   k - scarf {repulsion}
rCorr    .         Harm     .   c - +2 pair of gloves
MR       +....                  (no boots)
Stlth    ++........             (no amulet)
HPRegen  0.00/turn              (no ring)
MPRegen  0.12/turn              (no ring)

@: non-regenerating, drained, repel missiles
A: damage resistance, heal wounds, sense surroundings 1, no regeneration
a: Heal Wounds, Renounce Religion


You were on level 6 of the Dungeon.
You worshipped Makhleb.
Makhleb was aware of your devotion.
You were hungry.

You visited 2 branches of the dungeon, and saw 8 of its levels.

You collected 286 gold pieces.

Inventory:

Hand Weapons
 t - a +1 dagger of chaos (weapon)
   (You took it off a crimson imp on level 5 of the Dungeon)
Missiles
 b - 10 stones (quivered)
Armour
 c - a +2 pair of gloves (worn)
   (You found it on level 2 of the Dungeon)
 j - a +0 leather armour (worn)
   (You found it on level 1 of the Dungeon)
 k - a scarf of repulsion (worn)
   (You found it on level 1 of the Dungeon)
Scrolls
 a - 2 scrolls of enchant weapon {unknown}
 f - a scroll of fear {unknown}
 g - 4 scrolls of remove curse {unknown}
 i - 2 scrolls of immolation {unknown}
 m - a scroll of amnesia {unknown}
 n - 3 scrolls of blinking {unknown}
 p - a scroll of teleportation
 r - a scroll of fog {unknown}
 s - a scroll of enchant armour {unknown}
 u - 2 scrolls of identify
Potions
 e - 2 potions of agility
 h - a potion of brilliance
 l - a potion of haste
 o - a potion of magic
 q - a potion of might
Comestibles
 d - 3 rations


   Skills:
 - Level 2.1(1.3) Dodging
 - Level 2.4(1.5) Stealth
 - Level 2.0(1.2) Spellcasting
 + Level 4.1(3.2) Transmutations
 - Level 13.3(12.2) Earth Magic


You had one spell level left.
You knew the following spells:

 Your Spells              Type           Power        Failure   Level  Hunger
a - Sandblast             Erth           #####.       1%          1    ##.....
b - Petrify               Tmut/Erth      ####....     11%         4    #####..
c - Stone Arrow           Conj/Erth      ###...       6%          3    ####...
w - Passwall              Tmut/Erth      ####....     1%          2    ###....

Your spell library contained the following spells:

 Spells                   Type           Power        Failure   Level  Hunger
 Animate Skeleton         Necr           N/A          26%         1    ##.....
 Apportation              Tloc           #.....       26%         1    ##.....
 Confusing Touch          Hex            #.....       26%         1    ##.....
 Summon Small Mammal      Summ           #...         26%         1    ##.....
 Lee's Rapid Deconstruct  Erth           #####.....   4%          5    ######.


Dungeon Overview and Level Annotations

Branches:
Dungeon (7/15)             Temple (1/1) D:5

Altars:
Ashenzari
Cheibriados
Dithmenos
Elyvilon
Fedhas
Gozag
Kikubaaqudgha
Makhleb
Nemelex Xobeh
Okawaru
Qazlal
Ru
Sif Muna
Trog
Uskayaw
Wu Jian
Xom
Yredelemnul
Zin
The Shining One


Innate Abilities, Weirdness & Mutations

You are resistant to damage.
You can heal yourself by infusing magical energy.
You passively map a small area around you.
You do not regenerate.


Message History

The helpless worm fails to defend itself.
You puncture the worm!
Nothing appears to happen.
The leopard gecko closely misses you.
The leopard gecko bites you but does no damage.
The helpless worm fails to defend itself.
You hit the worm.
You kill the worm!
Makhleb accepts your kill.
You feel better. The leopard gecko misses you.
You regained 5 hp, and now have 20/62 hp.
You barely miss the leopard gecko.
The leopard gecko bites you but does no damage.
You closely miss the leopard gecko. The leopard gecko bites you.
You take 1 damage, and have 19/62 hp.
You barely miss the leopard gecko. The leopard gecko bites you.
You closely miss the leopard gecko. The leopard gecko barely misses you.
The leopard gecko misses you.
You hit the leopard gecko.
The leopard gecko seems to slow down.
You freeze the leopard gecko. You closely miss the leopard gecko.
The leopard gecko is no longer moving slowly.
The leopard gecko misses you.
You barely miss the leopard gecko. The leopard gecko barely misses you.
You barely miss the leopard gecko. The leopard gecko misses you.
The leopard gecko bites you but does no damage.
You closely miss the leopard gecko. The leopard gecko misses you.
You hit the leopard gecko.
You kill the leopard gecko!
Makhleb accepts your kill.
You see here a leopard gecko corpse.
You butcher the leopard gecko corpse.
Things that are here:
2 chunks of flesh {@w0}; a leopard gecko skeleton Eating one of 2 chunks of flesh {@w0}.
You eat one of the 2 chunks of flesh {@w0}.
You see here a ration.
d - 3 rations (gained 1)
You see here a scroll labeled JASKIPR PAM KAOW.
a - 2 scrolls labeled JASKIPR PAM KAOW (gained 1)
An orc comes into view. It is wielding a +0 falchion.
The orc shouts!
Aim: an orc, wielding a +0 falchion
Okay, then.
Aim: an orc, wielding a +0 falchion The stone arrow hits the orc!!
You kill the orc!
Makhleb accepts your kill.
An adder comes into view.
You now have 1/11 mp.
Aim: an adder The blast of sand hits the adder!!
You kill the adder!
Makhleb accepts your kill.
b - 11 stones You now have 0/11 mp.
You see here a +0 falchion.
You see here 17 gold pieces.
You now have 262 gold pieces (gained 17).
You see here 13 gold pieces.
You now have 275 gold pieces (gained 13).
A leopard gecko comes into view.
The leopard gecko hisses angrily.
A leopard gecko zombie comes into view.
You hit the leopard gecko. You burn the leopard gecko.
The leopard gecko closely misses you.
You hit the leopard gecko.
You smell something strange.
The leopard gecko bites you but does no damage.
You hit the leopard gecko.
The leopard gecko is briefly tinged with green.
The leopard gecko closely misses you.
The leopard gecko bites you but does no damage.
You hit the leopard gecko.
You kill the leopard gecko!
Makhleb accepts your kill.
You see here a leopard gecko corpse.
Aim: a leopard gecko zombie The blast of sand hits the leopard gecko zombie!
You destroy the leopard gecko zombie!
Makhleb accepts your kill.
b - 10 stones You now have 3/11 mp.
A rock wall.
You begin to meditate on the wall.
You continue meditating on the rock. x2
You finish merging with the rock.
You now have 2/11 mp.
Found a stone staircase leading up.
A worker ant comes into view.
You see here 11 gold pieces.
You now have 286 gold pieces (gained 11).
You are feeling hungry.
The orc warrior shouts!
You see here a book of Cantrips.
You pick up a book of Cantrips and begin reading...
You add the spells Confusing Touch, Animate Skeleton, Summon Small Mammal and Apportation to your library.
Aim: an orc warrior, wielding a +0 glaive and wearing a +0 chain mail (chance to defeat MR: 56%)
The orc warrior is moving more slowly.
A leopard gecko comes into view.
You now have 5/11 mp.
The orc warrior hits you from afar with a +0 glaive!!
You die...

............
............, *
####.####.# ** #.#
#.# * * #.# #.# , *
#.# #.# #.# #.# ,*
####.####.#########
................@.# *
####.###...######..#*
#.# ##........o.... *
#.# #..#######..#..#
#.# #..# #.#,.# *
*#.# ##.#* * ***o. ,#
,..# #.. ..., ###
#... *,.... * #..##
*##.. *


You could see an orc warrior (petrifying) and an orc.

Vanquished Creatures
  A hungry ghost (D:7)
  A sky beast (D:7)
  An ice beast (D:4)
  A necrophage (D:6)
  3 ogres
  Blork the orc (D:6)
  A bullfrog (D:7)
  2 scorpions
  4 wights (D:7)
  3 crimson imps
  A hound (D:4)
  2 jellies
  2 orc wizards
  5 worker ants
  A hound zombie (D:7)
  4 gnolls (D:6)
  8 adders
  A howler monkey skeleton (D:5)
  A shadow imp (D:7)
  2 oozes
  An adder zombie (D:5)
  An adder skeleton (D:7)
  5 worms
  A dart slug (D:1)
  4 leopard geckos
  8 orcs
  2 ball pythons
  3 giant cockroaches
  12 goblins
  4 hobgoblins
  17 jackals
  9 kobolds
  6 quokkas
  5 bats
  8 frilled lizards
  A leopard gecko zombie (D:6)
  2 quokka skeletons
  9 rats
143 creatures vanquished.

Vanquished Creatures (others)
  A crimson imp (D:7)
1 creature vanquished.

Grand Total: 144 creatures vanquished

Notes
Turn   | Place    | Note
-------+----------+-------------------------------------------
     0 | D:1      | Irenicus the Deep Dwarf Earth Elementalist began the quest
                  | for the Orb.
     0 | D:1      | Reached XP level 1. HP: 15/15 MP: 3/3
    58 | D:1      | Reached skill level 2 in Spellcasting
    90 | D:1      | Reached XP level 2. HP: 20/22 MP: 0/5
   181 | D:1      | Learned a level 2 spell: Passwall
   243 | D:1      | Reached skill level 5 in Earth Magic
   318 | D:1      | Reached XP level 3. HP: 19/28 MP: 3/6
   479 | D:2      | Learned a level 3 spell: Stone Arrow
   531 | D:2      | Reached skill level 6 in Earth Magic
   539 | D:2      | Found a bloodstained altar of Trog.
   812 | D:2      | Reached XP level 4. HP: 21/36 MP: 4/7
  1004 | D:3      | Noticed an ogre
  1007 | D:3      | Killed an ogre
  1007 | D:3      | Reached skill level 7 in Earth Magic
  1007 | D:3      | Reached XP level 5. HP: 23/42 MP: 2/8
  1385 | D:4      | Reached skill level 8 in Earth Magic
  1398 | D:4      | Found a basalt altar of Yredelemnul.
  1453 | D:4      | Noticed an ogre
  1462 | D:4      | Killed an ogre
  1462 | D:4      | Reached skill level 9 in Earth Magic
  1462 | D:4      | Reached XP level 6. HP: 22/49 MP: 1/9
  1491 | D:4      | Noticed an ice beast
  1497 | D:4      | HP: 9/49 [ice beast (10)]
  1499 | D:4      | Killed an ice beast
  1499 | D:4      | Reached skill level 10 in Earth Magic
  1637 | D:4      | Reached XP level 7. HP: 38/55 MP: 0/10
  1818 | D:5      | Entered Level 5 of the Dungeon
  1831 | D:5      | Found an ornate altar of the Wu Jian Council.
  1861 | D:5      | Found a staircase to the Ecumenical Temple.
  1870 | Temple   | Entered the Ecumenical Temple
  2044 | D:5      | Reached skill level 11 in Earth Magic
  2133 | D:5      | Found a shimmering altar of Xom.
  2134 | D:5      | Found a burning altar of Makhleb.
  2142 | D:5      | Became a worshipper of Makhleb the Destroyer
  2165 | D:5      | Found a sacrificial altar of Ru.
  2326 | D:6      | Noticed Blork the orc
  2332 | D:6      | Killed Blork the orc
  2332 | D:6      | Reached skill level 12 in Earth Magic
  2336 | D:6      | Reached XP level 8. HP: 51/62 MP: 4/11
  2386 | D:7      | Reached * piety under Makhleb
  2391 | D:7      | HP: 13/62 [wight/+4 halberd (5)]
  2393 | D:7      | Reached skill level 13 in Earth Magic
  2406 | D:7      | HP: 15/62 [worker ant (2)]
  2411 | D:7      | HP: 13/62 [something (2)]
  2419 | D:7      | HP: 9/62 [hound zombie (2)]
  2457 | D:7      | Learned a level 4 spell: Petrify
  2496 | D:7      | HP: 4/62 [wight/cursed +3 short sword (5)]
  2501 | D:7      | Reached skill level 1 in Transmutations
  2558 | D:7      | Reached skill level 2 in Transmutations
  2625 | D:7      | Reached skill level 3 in Transmutations
  2632 | D:7      | Reached skill level 4 in Transmutations
  2727 | D:6      | HP: 15/62 [leopard gecko (2)]
  2853 | D:6      | Mangled by an orc warrior

Skill      XL: |  1  2  3  4  5  6  7  8 |
---------------+-------------------------+-----
Spellcasting   | 2 |  2.0
Earth Magic    | 5 6 7 9 10 12 13 | 13.3
Transmutations | 4 |  4.1
Dodging        | |  2.1
Stealth        | |  2.4

Action                   |  1- 3 |  4- 6 |  7- 9 || total
-------------------------+-------+-------+-------++-------
Melee: Dagger            |    83 |    42 |   148 ||   273
 Cast: Sandblast         |    43 |    52 |    64 ||   159
       Passwall          |     2 |    12 |     5 ||    19
       Stone Arrow       |       |     1 |     8 ||     9
       Petrify           |       |       |     2 ||     2
 Abil: Heal Wounds       |       |       |     1 ||     1
  Use: Potion            |     1 |     3 |     3 ||     7
       Scroll            |       |     3 |     3 ||     6
 Stab: Sleeping          |     6 |     2 |     1 ||     9
       Petrified         |       |       |     4 ||     4
       Paralysed         |       |       |     7 ||     7
  Eat: Chunk             |       |     5 |     6 ||    11
       Ration            |       |       |     2 ||     2
Armor: Robe              |     6 |       |       ||     6
       Leather armour    |    14 |    23 |    48 ||    85
Dodge: Dodged            |    66 |    31 |    75 ||   172
       Deflected         |     1 |       |       ||     1

Levels and vault maps discovered:
D:1:      psy_arrival_conway, layout_rooms
D:2:      layout_loops_cross, old_standard_altar
D:3:      layout_basic
D:4:      layout_gridville, first_ration, chequers_serial_rivers_room_a,
          yredelemnul_altar_generic
D:5:      layout_cave_pools, nicolae_ru_great_annihilating_truth,
          overflow_temple_1_default, grunt_temple_overflow_champion_of_chaos,
          minmay_temple_entry_junction
D:6:      layout_loops_ring, vehumet_crystals, uniq_blork_the_orc
D:7:      layout_basic
Temple:   eino_narrow_crystal_temple

Table legend:
 A = Turns spent in this place as a percentage of turns spent in the entire game.
 B = Non-inter-level travel turns spent in this place as a percentage of non-inter-level travel turns spent in the entire game.
 C = Inter-level travel turns spent in this place as a percentage of turns spent in this place.
 D = Turns resting spent in this place as a percentage of non-inter-level travel turns spent in this place.
 E = Turns spent auto-exploring this place as a percentage of non-inter-level travel turns spent in this place.
 F = Non-inter-level travel turns spent in this place divided by the number of levels of this place that you've seen.
                   A       B       C       D       E      F
               +-------+-------+-------+-------+-------+----------------------
         Total | 100.0 | 100.0 |   0.7 |   0.0 |   0.0 | 354.1
       Dungeon |  94.9 |  94.9 |   0.7 |   0.0 |   0.0 | 384.0
        Temple |   5.1 |   5.1 |   0.0 |   0.0 |   0.0 | 145.0
               +-------+-------+-------+-------+-------+----------------------

Table legend:
 A = Kills in this place as a percentage of kills in entire the game.
 B = Kills by you in this place as a percentage of kills by you in the entire game.
 C = Kills by friends in this place as a percentage of kills by friends in the entire game.
 D = Other kills in this place as a percentage of other kills in the entire game.
 E = Experience gained in this place as a percentage of experience gained in the entire game.
 F = Experience gained in this place divided by the number of levels of this place that you have seen.
                   A       B       C       D       E      F
               +-------+-------+-------+-------+-------+----------------------
         Total | 100.0 | 100.0 |   N/A | 100.0 | 100.0 | 310.2
       Dungeon | 100.0 | 100.0 |   N/A | 100.0 | 100.0 | 354.6
               +-------+-------+-------+-------+-------+----------------------
